 Dungeon Crawl Stone Soup version 0.30.0-30-g96aa6591b8 (webtiles) character file.

Game seed: 17839468799122537066

2114 Peloso the Carver (level 9, -9/79 HPs)
             Began as a Minotaur Fighter on June 28, 2023.
             Killed by divine providence
             ... invoked by an orc priest
              (14 damage)
             ... on level 6 of the Dungeon.
             The game lasted 00:11:37 (5911 turns).

Peloso the Carver (Minotaur Fighter)                Turns: 5911, Time: 00:11:38

Health: -9/79      AC: 19    Str: 24    XL:     9   Next: 8%
Magic:  8/8        EV:  7    Int:  5    God:
Gold:   21         SH:  5    Dex: 11    Spells: 8/8 levels left

rFire   . . .        a - +0 long sword
rCold   . . .        c - +0 buckler
rNeg    . . .        n - +0 plate armour
rPois   +            (helmet restricted)
rElec   .            r - +0 cloak
rCorr   .            (no gloves)
SInv    .            (no boots)
Will    .....        (no amulet) Stlth
                     e - ring of poison resistance
HPRegen 0.33/turn    p - +4 ring of protection
MPRegen 0.11/turn

%: no passive effects
@: attractive, invisible
A: horns 2, retaliatory headbutt
a: no special abilities


You were on level 6 of the Dungeon.
You visited 1 branch of the dungeon, and saw 6 of its levels.

You collected 311 gold pieces.
You spent 290 gold pieces at shops.

Inventory:

Hand Weapons
 a - a +0 long sword (weapon)
Missiles
 s - a throwing net (quivered)
Armour
 b - a +0 scale mail
 c - a +0 buckler (worn)
 g - a +0 chain mail
 n - a +0 plate armour (worn)
 r - a +0 cloak (worn)
Jewellery
 e - a ring of poison resistance (left hand)
 h - a ring of positive energy
 l - an amulet of magic regeneration
 m - a ring of fire
 p - a +4 ring of protection (right hand)
Wands
 y - a wand of flame (21)
Scrolls
 f - 9 scrolls of identify {unknown}
 i - a scroll of torment {unknown}
 k - 4 scrolls of teleportation
 o - 2 scrolls of enchant weapon {unknown}
 q - a scroll of fear {unknown}
 t - a scroll of amnesia {unknown}
 A - a scroll of summoning {unknown}
 C - 2 scrolls of vulnerability {unknown}
 D - a scroll of brand weapon {unknown}
Potions
 d - 3 potions of might
 j - a potion of resistance {unknown}
 u - 2 potions of mutation
 w - a potion of haste


   Skills:
 + Level 7.2 Fighting
 + Level 9.2 Long Blades
 + Level 8.6 Armour
 + Level 1.2 Dodging
 + Level 0.1 Stealth
 + Level 6.1 Shields
 + Level 0.1 Evocations


You had 8 spell levels left.
You didn't know any spells.
Your spell library contained the following spells:

 Spells                   Type           Power      Damage    Failure   Level
 Kiss of Death            Conj/Necr      0%         2d5       100%        1
 Slow                     Hex            0%         N/A       100%        1
 Cigotuvi's Dreadful Rot  Necr/Pois/Air  0%         N/A       100%        2
 Confusing Touch          Hex            0%         N/A       100%        3
 Ignite Poison            Fire/Tmut/Pois 0%         N/A       100%        3
 Vampiric Draining        Necr           0%         2d6       100%        3
 Dispel Undead            Necr           0%         3d6       100%        4
 Freezing Cloud           Conj/Ice/Air   0%         6-21      100%        5


Dungeon Overview and Level Annotations

Branches:
Dungeon (6/15)
 Temple: D:4-7

Altars:
Dithmenos
Uskayaw

Shops:
D:1 *!!(   D:6 *


Innate Abilities, Weirdness & Mutations

You have a pair of horns on your head.
You reflexively headbutt those who attack you in melee.


Message History

The orc priest mumbles some strange prayers to Beogh against you.
Beogh smites you!
* * * LOW HITPOINT WARNING * * *
The orc wizard hits you but does no damage.
Unknown command.
You bump into the rock wall.
The orc warrior hits you from afar with a +0 halberd.
* * * LOW HITPOINT WARNING * * *
The orc wizard barely misses you.
The orc wizard hits you but does no damage.
Unknown command.
You closely miss the orc wizard.
The orc wizard is almost dead.
The orc warrior hits you from afar with a +0 halberd.
* * * LOW HITPOINT WARNING * * *
The orc priest miscasts a cantrip.
The orc wizard barely misses you.
The orc wizard hits you but does no damage.
The orc warrior hits you from afar with a +0 halberd!
* * * LOW HITPOINT WARNING * * *
You feel better. You block the orc wizard's attack.
The orc wizard points at you and mumbles some strange words.
The puff of flame hits you!
* * * LOW HITPOINT WARNING * * *
The orc warrior barely misses you.
It was a potion of attraction.
You feel attractive to monsters. You block the orc wizard's attack.
The orc warrior hits you from afar with a +0 halberd.
* * * LOW HITPOINT WARNING * * *
It was a potion of invisibility.
You fade into invisibility!
You block the orc wizard's attack.
The orc priest miscasts a cantrip.
You block the orc warrior's attack.
It was a potion of magic.
Magic courses through your body.
The orc wizard hits you but does no damage.
The orc priest mumbles some strange prayers to Beogh against you.
Beogh smites you!
You die...

#.......... #o...#
#........# #....∩
#......o.# #...∩∩
#........# #....∩
#...{....#
#.#.##..
####o#'###
#....... #o# #
#.########. #o#
#........## #@#
.####.......
#.####.# #.##.##.
#.#....#### #.##.
#.......... #.##.
###.##########[...
#...............
################


You could see an orc warrior (unable to see you), an orc priest (unable to see
you) and an orc wizard (unable to see you).

Vanquished Creatures
  Prince Ribbit (D:6)
  Sigmund (D:2)
  Edmund (D:5)
  3 black bears
  An ice beast (D:6)
  An ogre (D:5)
  2 scorpions (D:5)
  3 wights (D:6)
  4 killer bees (D:6)
  A howler monkey (D:4)
  Crazy Yiuf (D:3)
  An orc priest (D:4)
  4 hounds
  2 jellies
  An orc wizard (D:4)
  2 hell rats (D:5)
  15 gnolls
  3 adders
  12 river rats (D:5)
  An ufetubus (D:5)
  4 dart slugs
  12 orcs
  5 bats
  12 endoplasms
  2 giant cockroaches
  7 goblins
  10 hobgoblins
  5 jackals (D:3)
  5 quokkas
  6 ball pythons
  A frilled lizard (D:2)
  9 kobolds
  4 rats
142 creatures vanquished.

Notes
Turn   | Place    | Note
-------+----------+-------------------------------------------
     0 | D:1      | Peloso the Minotaur Fighter began the quest for the Orb.
     0 | D:1      | Reached XP level 1. HP: 19/19 MP: 0/0
    93 | D:1      | Found Plog's Distillery.
   165 | D:1      | Found Gysorr's Assorted Antiques.
   189 | D:1      | Found Kueh's Distillery.
   205 | D:1      | You fall into a shaft and drop 1 floor!
   232 | D:2      | Reached XP level 2. HP: 27/27 MP: 1/1
   288 | D:2      | Reached XP level 3. HP: 26/33 MP: 2/2
   479 | D:2      | Reached XP level 4. HP: 40/41 MP: 3/3
   715 | D:2      | Noticed Sigmund
   800 | D:1      | Reached skill level 3 in Long Blades
   844 | D:1      | Found Ryettad's Weapon Boutique.
  1709 | D:3      | Reached XP level 5. HP: 47/47 MP: 4/4
  1717 | D:3      | Reached skill level 4 in Long Blades
  2338 | D:3      | Found a runed translucent door.
  2339 | D:3      | Noticed Crazy Yiuf
  2542 | D:3      | Killed Crazy Yiuf
  2543 | D:3      | Reached skill level 5 in Armour
  2826 | D:2      | Killed Sigmund
  2827 | D:2      | Reached skill level 5 in Fighting
  2827 | D:2      | Reached XP level 6. HP: 24/56 MP: 5/5
  3006 | D:4      | Reached skill level 5 in Long Blades
  3100 | D:4      | Found a hide-covered altar of Uskayaw.
  3365 | D:4      | Reached XP level 7. HP: 61/61 MP: 6/6
  4004 | D:5      | Entered Level 5 of the Dungeon
  4004 | D:5      | Noticed Edmund
  4022 | D:5      | Killed Edmund
  4023 | D:5      | Reached skill level 6 in Long Blades
  4023 | D:5      | Reached skill level 5 in Shields
  4126 | D:1      | Bought a yellow potion for 19 gold pieces
  4126 | D:1      | Bought a scroll labelled XASMUI BIRAD for 22 gold pieces
  4126 | D:1      | Bought a scroll labelled ASCHICH XUNUUKH for 22 gold pieces
  4126 | D:1      | Bought a scroll labelled ASCHICH XUNUUKH for 22 gold pieces
  4147 | D:1      | Bought a potion of mutation for 96 gold pieces
  4401 | D:5      | Reached skill level 1 in Dodging
  4554 | D:5      | Reached skill level 7 in Long Blades
  4554 | D:5      | Reached XP level 8. HP: 46/70 MP: 7/7
  5278 | D:6      | Found a shadowy altar of Dithmenos.
  5350 | D:6      | Reached skill level 8 in Long Blades
  5709 | D:6      | Found Arisueco's Assorted Antiques.
  5717 | D:6      | Bought a bubbling orange potion for 25 gold pieces
  5717 | D:6      | Bought 2 scrolls labelled ENAMUC BESAK for 56 gold pieces
  5717 | D:6      | Bought a scroll labelled APHEFO HIKESYA for 28 gold pieces
  5722 | D:6      | Noticed Prince Ribbit
  5737 | D:6      | Reached skill level 9 in Long Blades
  5748 | D:6      | Killed Prince Ribbit
  5749 | D:6      | Reached XP level 9. HP: 41/79 MP: 8/8
  5911 | D:6      | Killed from afar by an orc priest

Illustrated notes

Levels and vault maps discovered:
D:1:      sevenhm_arrival_forest_fort_large_4, layout_basic, serial_shops,
          nicolae_shop_advertising_works [nicolae_subvault_shop_adworks],
          nicolae_square_shop, shop, shop, serial_bayou_pond_b
D:2:      layout_basic, uniq_sigmund
D:3:      minmay_diamond_boxcup, layout_basic, minmay_misc_feat_alley,
          uniq_crazy_yiuf_cottage
D:4:      layout_loops_cross, amcnicky_altar_gilded
D:5:      wander_guarded_unrand_ratskin, layout_cave_pools, uniq_edmund
D:6:      layout_basic, kennysheep_little_box, nicolae_dithmenos_the_darkroom,
          serial_shops, nicolae_shop_dealshenge, uniq_prince_ribbit1

Skill      XL: |  1  2  3  4  5  6  7  8 |
---------------+-------------------------+-----
Fighting       | 4 5 7 |  7.2
Armour         | 4 5 6 7 8 |  8.6
Shields        | 4 5 6 |  6.1
Long Blades    | 3 4 5 7 9 |  9.2
Dodging        | 1 |  1.2
Stealth        | |  0.1
Evocations     | |  0.1

Action                     |  1- 3 |  4- 6 |  7- 9 || total
---------------------------+-------+-------+-------++-------
  Melee: Long sword        |    62 |   169 |   273 ||   504
         Headbutt          |    12 |    30 |    51 ||    93
  Evoke: Wand              |       |       |     4 ||     4
    Use: Potion            |     3 |       |     6 ||     9
         Scroll            |       |       |     1 ||     1
 Armour: Chain mail        |    33 |    25 |       ||    58
         Scale mail        |     2 |       |       ||     2
         Plate armour      |       |   105 |   213 ||   318
  Dodge: Dodged            |    17 |    42 |    90 ||   149
  Block: Buckler           |    15 |    41 |    73 ||   129
